Map: Overgrowth LE (Void)

Players

Siegfried - Winner!

  • Race: Terran Terran
  • League: Diamond
  • Spawn Location: 7:00

Nickos

  • Race: Terran Terran
  • League: Gold
  • Spawn Location: 1:00

VOD

Have the link to the VOD?

Description

Macro oriented.

Time

  • Played on: Nov. 27, 2016, 5:58 a.m.
  • Length: 10:30
Show
View Real Time Build Order
Export as new Build Order

Siegfried Terran - Winner!

Build Orders: Reaper Expand, Mech 

Get SALT Encoding   

  12  0:00  SCV  
  13  0:12  SCV  
  14  0:18  Supply Depot  
  14  0:24  SCV  
  15  0:40  SCV  
  15  0:41  Barracks  
  16  0:44  Refinery  
  16  0:52  SCV  
  18  1:04  SCV  
  18  1:16  SCV  
  19  1:28  Reaper  
  19  1:29  Orbital Command  
  20  1:42  Command Center  
  20  1:51  Supply Depot  
  20  1:54  SCV  
  20  2:00  Marine  
  22  2:06  SCV  
  23  2:14  Refinery  
  23  2:15  Factory  
  23  2:18  SCV  
  24  2:28  Barracks Reactor  
  24  2:30  SCV  
  25  2:45  SCV  
  26  2:55  Orbital Command, Command Center  
  26  2:59  Factory Reactor  
  26  3:01  Factory Tech Lab  
  26  3:04  Starport  
  26  3:07  Marine  
  26  3:11  SCV  
  28  3:19  Marine  
  29  3:23  SCV  
  33  3:27  Siege Tank  
  33  3:28  SCV  
  34  3:35  SCV  
  34  3:37  Marine  
  34  3:38  Marine  
  34  3:40  SCV, Starport Reactor  
  38  3:44  Refinery  
  38  3:48  SCV  
  39  3:49  Refinery  
  39  3:52  SCV  
  40  4:00  SCV, Marine x2  
  43  4:04  Siege Tank  
  43  4:07  SCV  
  47  4:10  Orbital Command  
  47  4:13  SCV  
  48  4:19  SCV  
  48  4:20  Marine x2  
  51  4:25  SCV  
  51  4:26  Viking  
  54  4:31  SCV  
  54  4:32  Viking  
  54  4:37  Supply Depot  
  58  4:38  SCV  
  58  4:40  SCV  
  59  4:46  Marine x2  
  59  4:50  SCV  
  61  4:59  SCV, Siege Tank  
  65  5:01  Supply Depot  
  65  5:04  Supply Depot  
  65  5:07  SCV  
  65  5:11  SCV  
  65  5:14  Infernal Pre-Igniter  
  67  5:18  Factory  
  67  5:19  SCV, Orbital Command  
  68  5:21  Factory  
  68  5:28  SCV  
  69  5:31  SCV, Siege Tank  
  69  5:32  Armory  
  69  5:33  Barracks Tech Lab, Supply Depot  
  73  5:39  Viking  
  73  5:40  SCV  
  76  5:43  SCV  
  76  5:45  Viking  
  76  5:49  SCV  
  80  5:52  SCV  
  80  5:56  SCV, Supply Depot  
  82  6:18  SCV x3  
  84  6:19  Supply Depot  
  84  6:24  Supply Depot  
  81  6:25  Terran Vehicle Weapons Level 1  
  81  6:28  Siege Tank x2  
  81  6:29  Hellion x2  
  81  6:30  SCV x2  
  80  6:53  Hellion x2  
  76  6:55  SCV  
  76  7:00  Siege Tank, Hellion  
  82  7:03  Command Center  
  82  7:14  Hellion  
  84  7:18  Hellion  
  84  7:21  Siege Tank  
  89  7:26  SCV x2  
  91  7:32  Siege Tank  
  91  7:34  Supply Depot  
  91  7:35  Hellion  
  96  7:38  Supply Depot  
  96  7:39  Hellion  
  98  7:53  Siege Tank  
  98  7:57  Hellion  
  98  7:58  Supply Depot  
  103  8:00  Hellion  
  103  8:01  Supply Depot  
  103  8:04  Siege Tank  
  108  8:06  SCV x2  
  108  8:08  Engineering Bay  
  110  8:18  SCV, Hellion  
  113  8:22  Hellion  
  113  8:25  Siege Tank  
  110  8:28  Viking x2  
  112  8:36  Siege Tank  
  112  8:40  Hellion  
  117  8:41  Orbital Command  
  117  8:46  SCV x2  
  119  8:57  Siege Tank  
  119  8:58  SCV, Viking x2  
  127  9:05  Sensor Tower  
  127  9:08  Siege Tank  
  116  9:29  Hellion x2  
  116  9:30  Siege Tank  
  112  9:36  Orbital Command  
  112  9:40  Siege Tank  
  115  9:49  Refinery  
  115  9:50  Hellion  
  115  9:51  Hellion  
  117  9:53  Refinery  
Show
View Real Time Build Order
Export as new Build Order

Nickos Terran 

Build Orders:  

Get SALT Encoding   

  12  0:01  SCV  
  13  0:13  SCV  
  14  0:20  Supply Depot  
  14  0:25  SCV  
  15  0:42  SCV  
  16  0:44  Barracks  
  16  0:54  SCV  
  17  1:06  SCV  
  18  1:18  SCV  
  18  1:22  Command Center  
  19  1:31  Orbital Command  
  19  1:32  Marine  
  20  1:43  Supply Depot  
  20  1:50  Marine  
  20  1:52  Barracks  
  21  1:57  SCV  
  22  2:06  Barracks  
  22  2:09  SCV  
  22  2:11  Marine  
  23  2:21  SCV  
  24  2:25  Refinery  
  24  2:26  Refinery  
  24  2:34  SCV  
  24  2:35  Marine  
  27  2:38  Orbital Command  
  26  2:45  Marine  
  26  2:46  SCV  
  28  2:58  Barracks Tech Lab, SCV, Marine  
  30  3:10  SCV x2  
  30  3:11  Marine  
  33  3:16  Marine  
  34  3:20  Stimpack  
  34  3:22  SCV, Marine  
  34  3:23  SCV  
  37  3:31  Marine  
  37  3:33  Supply Depot  
  38  3:34  SCV  
  38  3:37  Factory  
  38  3:38  SCV  
  40  3:45  Barracks Reactor  
  40  3:46  SCV  
  41  3:50  SCV  
  41  3:51  Marine  
  41  3:55  Barracks Reactor  
  43  3:58  SCV  
  45  4:02  SCV  
  45  4:10  SCV  
  45  4:12  Marine  
  45  4:14  SCV  
  48  4:20  Command Center  
  48  4:21  Starport  
  48  4:23  SCV, Factory Reactor  
  49  4:26  Marine x2  
  49  4:28  SCV  
  52  4:32  Engineering Bay x2  
  52  4:33  Marine  
  52  4:34  Marine  
  54  5:00  Supply Depot  
  54  5:02  Supply Depot  
  54  5:04  SCV x2, Marine x5  
  61  5:09  Barracks  
  61  5:12  Terran Infantry Weapons Level 1  
  61  5:13  Factory Tech Lab  
  61  5:15  Terran Infantry Armor Level 1  
  61  5:16  SCV  
  61  5:17  SCV  
  63  5:22  Marine x2  
  63  5:23  Medivac  
  63  5:24  Marine x2  
  69  5:28  SCV  
  69  5:29  SCV  
  69  5:34  Orbital Command  
  71  5:40  SCV  
  71  5:41  Supply Depot  
  72  5:43  Supply Depot  
  72  5:44  SCV  
  73  5:54  SCV, Marine x3  
  73  5:55  Marine x2  
  73  5:56  SCV  
  80  6:00  SCV  
  81  6:06  SCV, Supply Depot  
  81  6:08  SCV  
  81  6:09  Supply Depot  
  83  6:12  SCV  
  83  6:16  Marine x4  
  87  6:21  Marine  
  88  6:33  Marine  
  88  6:34  Marine x3  
  88  6:39  Siege Tank, Marine  
  94  6:51  Marine x2  
  94  6:53  Marine x2  
  94  6:54  Medivac x2  
  100  6:57  Marine  
  103  7:03  Barracks  
  103  7:04  Barracks  
  103  7:05  Barracks  
  103  7:08  Refinery  
  103  7:09  Refinery, Marine x2  
  103  7:10  Marine  
  103  7:12  Siege Tank  
  103  7:13  SCV x3  
  112  7:18  Armory  
  112  7:21  Marine x2  
  112  7:25  SCV  
  113  7:30  SCV x2  
  113  7:31  Marine  
  113  7:32  Marine x2  
  113  7:33  Medivac  
  120  7:37  SCV  
  120  7:39  Marine x2  
  120  7:43  SCV  
  124  7:45  SCV  
  124  7:49  SCV, Marine  
  124  7:50  Marine  
  128  7:55  SCV  
  128  7:56  Barracks Tech Lab x2, Barracks Reactor  
  128  7:57  SCV  
  130  8:05  Command Center  
  130  8:12  SCV x2  
  131  8:17  Marine x2  
  133  8:21  Marine  
  133  8:26  Marine x4  
  91  8:32  Marine  
  91  8:33  Marine  
  83  8:35  SCV, Marine  
  83  8:36  SCV x2  
  83  8:39  Barracks  
  83  8:40  Barracks, Marine x2  
  89  8:41  Barracks  
  89  8:44  Marauder, Marine  
  89  8:45  Supply Depot, Marauder x2  
  89  8:48  SCV  
  97  8:50  Barracks Tech Lab, Marine x2  
  97  8:52  SCV x2  
  97  8:53  Marine  
  102  8:58  Marine  
  102  9:00  SCV  
  102  9:02  Marine x2  
  104  9:05  Marine  
  104  9:06  Marauder, Marine  
  104  9:09  Marine x3  
  97  9:11  Marine  
  97  9:15  SCV x3  
  97  9:16  Marine  
  97  9:19  Marine  
  97  9:20  Marine  
  97  9:23  Marine x2  
  100  9:27  SCV, Marine x4  
  100  9:28  Marine  
  90  9:33  Marine  
  90  9:34  Medivac x2  
  90  9:37  Marine  
  90  9:38  Marine  
  94  9:39  SCV x2  
  94  9:41  Marine x2  
  94  9:44  Marine x2  
  94  9:45  Siege Tank, Marine  
  96  9:50  Marine x2  
  96  9:51  SCV, Marine  
  96  9:52  SCV  
  90  9:55  Orbital Command, Marine  
  93  10:00  Marauder  
  93  10:02  Marine x2  
  97  10:07  Marine x2  
  97  10:08  Marine  
  97  10:09  Marauder  
Tags
 
Composition
Mech
Matchup
TvT
Race
Terran
Spawn Locations
Cross Positions
Add a new tag
Caveats
  • Supply blocks, unpowered buildings, or Contaminate may cause inaccurate times.
  • Supply counts are checked every 10 seconds.